 Dungeon Crawl Stone Soup version 0.30-b1-2-g02819fbbbe (webtiles) character file.

Game seed: 13207560263650680001

739 Alarkh the Shooter (level 7, -6/52 HPs)
             Began as a Demonspawn Hexslinger on May 23, 2023.
             Mangled by a hornet (13 damage)
             ... on level 5 of the Dungeon.
             The game lasted 00:06:03 (4275 turns).

Alarkh the Shooter (Demonspawn Hexslinger)          Turns: 4275, Time: 00:06:03

Health: -6/52      AC:  5    Str:  8 (10) XL:     7   Next: 46%
Magic:  8/8        EV: 12    Int: 14 (17) God:
Gold:   393        SH:  0    Dex: 17      Spells: 7/8 levels left

rFire   . . .        b - +2 dagger (venom)
rCold   . . .        (no shield)
rNeg    . . .        c - +0 robe
rPois   .            (no helmet)
rElec   .            (no cloak)
rCorr   .            t - +2 pair of gloves of the Maze {Dex+4}
SInv    .            (no boots)
Will    .....        (no amulet)
Stlth   ++           (no ring)
HPRegen 0.28/turn    (no ring)
MPRegen 0.11/turn

%: no passive effects
@: mighty, lethally poisoned (-6 -> -21), slowed, very slow
A: claws 1
a: no special abilities


You were on level 5 of the Dungeon.
You visited 2 branches of the dungeon, and saw 6 of its levels.

You collected 393 gold pieces.

Inventory:

Hand Weapons
 a - a +1 sling
 b - a +2 dagger of venom (weapon)
 o - a +2 short sword of draining
Missiles
 h - 5 atropa-tipped darts
Armour
 c - a +0 robe (worn)
 d - a +2 tower shield
 t - the +2 pair of gloves of the Maze (worn) {Dex+4}
   (You found it on level 3 of the Dungeon)

   Dex:       It affects your dexterity (+4).
Magical Staves
 s - a staff of cold
Jewellery
 k - a +6 ring of intelligence
Wands
 p - a wand of acid (14)
 q - a wand of iceblast (2)
 w - a wand of flame (38)
Scrolls
 e - a scroll of immolation
 f - a scroll of poison
 g - a scroll of summoning {unknown}
 i - a scroll of blinking
 j - a scroll of teleportation
 n - a scroll of fog {unknown}
 r - a scroll of identify
 u - a scroll of vulnerability {unknown}
Potions
 l - a potion of curing


   Skills:
 + Level 3.5 Fighting
 * Level 5.3 Ranged Weapons
 - Level 1.7 Dodging
 * Level 4.4 Unarmed Combat
 - Level 1.0 Spellcasting
 - Level 3.0 Hexes


You had 7 spell levels left.
You knew the following spells:

 Your Spells              Type           Power      Damage    Failure   Level
a - Slow                  Hex            36%        N/A       8%          1

Your spell library contained the following spells:

 Spells                   Type           Power      Damage    Failure   Level
 Apportation              Tloc           0%         N/A       26%         1
 Necrotise                Necr           0%         1d4       26%         1
 Summon Small Mammal      Summ           0%         N/A       26%         1
 Inner Flame              Hex/Fire       4%         N/A       38%         3
 Portal Projectile        Hex/Tloc       8%         N/A       38%         3
 Cause Fear               Hex            4%         N/A       58%         4
 Call Canine Familiar     Summ           0%         N/A       61%         3
 Leda's Liquefaction      Hex/Erth       2%         N/A       80%         4


Dungeon Overview and Level Annotations

Branches:
Dungeon (5/15)             Temple (1/1) D:4

Altars:
Dithmenos
Kikubaaqudgha
Makhleb
Nemelex Xobeh
Ru
Sif Muna
Vehumet
Wu Jian
Xom
Yredelemnul

Annotations:
D:4 1 runed translucent door, Crazy Yiuf


Innate Abilities, Weirdness & Mutations

You have sharp fingernails.


Message History

The iguana is heavily wounded.
The ufetubus barely misses you. The ufetubus closely misses you.
The ufetubus hits you but does no damage. x2
The iguana closely misses you.
You hit the iguana.
The iguana looks as sick as possible!
The iguana is almost dead.
You kill the iguana!
The ufetubus hits you but does no damage.
The ufetubus closely misses you.
You hit the ufetubus but do no damage.
The ufetubus is poisoned.
The ufetubus closely misses you. x3; The ufetubus hits you.
You hit the ufetubus.
The ufetubus looks as sick as possible!
The ufetubus is severely wounded.
You kill the ufetubus!
No target in view!
Your +2 dagger of venom stops dripping with poison.
a - a +1 sling (weapon)
You shoot a sling bullet.
The sling bullet closely misses the hornet.
Your +2 dagger of venom begins to drip with poison!
b - a +2 dagger of venom (weapon)
You feel very mighty all of a sudden. The hornet stings you!
You are poisoned.
You feel yourself slow down.
You hit the hornet.
The hornet is poisoned.
The hornet is lightly wounded.
You feel very sick. The hornet stings you!
You feel as though you will be slow longer.
The hornet stings you!
* * * LOW HITPOINT WARNING * * *
You are lethally poisoned!
You feel as though you will be slow longer.
You hit the hornet.
The hornet is heavily wounded.
* * * LOW HITPOINT WARNING * * *
You feel extremely sick. The hornet stings you!
You die...

## #.#..##.........#
#....###... # #.
#..........####...###..## #
...##.##.......#.....>...# .
.......#.......##..#.......
.
................#...###.....
..
....................#.......
... #.......#.###...#...
..###.......####♣...♣#..
......y@....# #........#
........##..# #...<...#.
.......###### #.........
....$.. ##..♣..### .....#.
##...## #...### ##### #...
#..


You could see a hornet (very poisoned).

Vanquished Creatures
  A black bear (D:4)
  2 ogres
  2 gnoll boudas (D:4)
  A hound (D:4)
  An orc priest (D:5)
  3 iguanas
  2 orc wizards (D:5)
  8 gnolls
  5 adders
  A white imp (D:5)
  3 ufetubi
  A worm (D:4)
  4 dart slugs
  10 orcs
  5 endoplasms
  3 giant cockroaches
  8 goblins
  11 hobgoblins
  3 quokkas
  9 ball pythons
  4 bats
  A frilled lizard (D:3)
  11 kobolds
  2 rats
101 creatures vanquished.

Vanquished Creatures (others)
  4 fungi (D:3)
  8 plants (D:3)
12 creatures vanquished.

Grand Total: 113 creatures vanquished

Notes
Turn   | Place    | Note
-------+----------+-------------------------------------------
     0 | D:1      | Alarkh the Demonspawn Hexslinger began the quest for the
                  | Orb.
     0 | D:1      | Reached XP level 1. HP: 15/15 MP: 2/2
    39 | D:1      | Reached skill level 2 in Ranged Weapons
   175 | D:1      | Gained mutation: You have sharp fingernails. [demonic
                  | ancestry]
   175 | D:1      | Reached XP level 2. HP: 19/21 MP: 3/3
   688 | D:2      | Reached XP level 3. HP: 26/26 MP: 4/4
   717 | D:2      | Reached skill level 1 in Unarmed Combat
  1048 | D:3      | Found an ancient bone altar of Kikubaaqudgha.
  1096 | D:3      | Reached skill level 3 in Ranged Weapons
  1374 | D:3      | Found a sacrificial altar of Ru.
  1488 | D:3      | Reached XP level 4. HP: 32/32 MP: 5/5
  1795 | D:3      | Found a faded altar of an unknown god.
  1815 | D:3      | Identified the +2 pair of gloves of the Maze {Dex+4}
  2031 | D:4      | Noticed a black bear
  2047 | D:4      | Killed a black bear
  2048 | D:4      | Reached XP level 5. HP: 26/38 MP: 6/6
  2122 | D:4      | Noticed an ogre
  2133 | D:4      | Killed an ogre
  2134 | D:4      | Reached skill level 4 in Ranged Weapons
  2134 | D:4      | Reached XP level 6. HP: 23/46 MP: 7/7
  3034 | D:4      | Found a staircase to the Ecumenical Temple.
  3077 | Temple   | Entered the Ecumenical Temple
  3325 | D:4      | Found a runed translucent door.
  3326 | D:4      | Noticed Crazy Yiuf
  3417 | D:5      | Entered Level 5 of the Dungeon
  3578 | D:5      | Reached skill level 5 in Ranged Weapons
  3578 | D:5      | Reached XP level 7. HP: 52/52 MP: 8/8
  4193 | D:5      | Noticed a hornet
  4275 | D:5      | Mangled by a hornet

Illustrated notes

Levels and vault maps discovered:
D:1:      dpeg_arrival_oval, layout_rooms, palyth_stone_intersect
D:2:      layout_rooms
D:3:      layout_basic, amcnicky_altar_gilded, mainiacjoe_overflow_paths,
          shapermc_ecumenical_altar_mp_urbaneastern, st_stairs_12,
          minmay_goblin_kobold_house
D:4:      layout_gridville, elyvilon_altar_5, temple_doors_ab,
          grunt_ministairs_13, kennysheep_big_empty_room,
          uniq_crazy_yiuf_cottage
D:5:      layout_cave_pools, old_standard_altar, eino_curves_04,
          grunt_ministairs_1, uniq_eustachio
Temple:   nicolae_temple_figure_zero

Skill      XL: |  1  2  3  4  5  6 |
---------------+-------------------+-----
Ranged Weapons | 2 3 4 5 |  5.3
Unarmed Combat | 1 2 3 4 |  4.4
Fighting       | 2 3 |  3.5
Dodging        | |  1.7
Spellcasting   | |  1.0
Hexes          | |  3.0

Action                     |  1- 3 |  4- 6 |  7- 9 || total
---------------------------+-------+-------+-------++-------
  Melee: Dagger            |     4 |   123 |    53 ||   180
         Punch             |       |     4 |     1 ||     5
   Fire: Sling             |   125 |    93 |     4 ||   222
    Use: Potion            |       |     4 |     2 ||     6
         Scroll            |       |     6 |       ||     6
 Armour: Robe              |    11 |    28 |    21 ||    60
  Dodge: Dodged            |    39 |    92 |    62 ||   193
  Block: Tower shield      |     5 |       |       ||     5
